 Dungeon Crawl Stone Soup version 0.27.1 (webtiles) character file.

Game seed: 10388582272298277251

91 GreyFruit the Skirmisher (level 4, -11/37 HPs)
             Began as a Demonspawn Abyssal Knight on Aug 20, 2021.
             Was a Follower of Lugonu.
             Mangled by an ogre (20 damage)
             ... on level 5 of the Dungeon.
             The game lasted 00:04:11 (2403 turns).

GreyFruit the Skirmisher (DsAK)                     Turns: 2403, Time: 00:04:11

Health: -11/37     AC:  2    Str: 13    XL:     4   Next: 33%
Magic:  6/6        EV: 12    Int: 13    God:    Lugonu [*.....]
Gold:   186        SH:  0    Dex: 13    Spells: 3/3 levels left

rFire    + . .     SeeInvis .   i - +2 dagger (speed)
rCold    . . .     Faith    .   (no shield)
rNeg     . . .     Spirit   .   j - +0 robe {rF+}
rPois    .         Reflect  .   (no helmet)
rElec    .         Harm     .   (no cloak)
rCorr    .         Rampage  .   (no gloves)
Will     .....                  (no boots)
Stlth    +.........             (no amulet)
HPRegen  0.12/turn              (no ring)
MPRegen  0.10/turn              (no ring)

@: on berserk cooldown, slowed, very slow
A: claws 1, powered by pain 2
a: Renounce Religion, Depart the Abyss


You were on level 5 of the Dungeon.
You worshipped Lugonu.
Lugonu was aware of your devotion.
You visited 1 branch of the dungeon, and saw 4 of its levels.
You visited the Abyss 1 time.

You collected 186 gold pieces.

Inventory:

Hand Weapons
 a - a +1 spear
 i - a +2 dagger of speed (weapon)
Armour
 b - a +0 leather armour
 j - a +0 robe of fire resistance (worn)
Wands
 l - a wand of iceblast (5)
Scrolls
 d - a scroll of teleportation
 g - 2 scrolls of enchant weapon {unknown}
 n - a scroll of holy word {unknown}
Potions
 h - a potion of might
 k - a potion of resistance {unknown}
 m - a potion of ambrosia {unknown}


   Skills:
 + Level 3.9 Fighting
 + Level 1.1 Short Blades
 + Level 2.0 Polearms
 + Level 2.2 Armour
 + Level 1.6 Dodging
 + Level 0.5 Stealth
 + Level 2.7 Invocations


You had 3 spell levels left.
You didn't know any spells.
Your spell library contained the following spells:

 Spells                   Type           Power      Damage    Failure   Level
 Magic Dart               Conj           0%         1d3       30%         1
 Searing Ray              Conj           0%         3d3       43%         2
 Fulminant Prism          Conj/Hex       0%         3d6       97%         4


Dungeon Overview and Level Annotations

Branches:
Dungeon (3/15)

Altars:


Innate Abilities, Weirdness & Mutations

You have sharp fingernails.
You sometimes gain power by taking damage.


Message History

The iguana barely misses you.
You puncture the iguana!
You kill the iguana!
Lugonu accepts your kill. The dart slug launches a dart at you.
The slug dart hits you.
* * * LOW HITPOINT WARNING * * *
Your Short Blades skill increases to level 1!
Your Polearms skill increases to level 2!
You have reached level 4!
You feel agile.
Your demonic ancestry asserts itself...
Your fingernails lengthen.
Things that are here:
an iguana corpse; a hound corpse You feel a strong urge to attack something.
The dart slug closely misses you.
You puncture the dart slug!
You kill the dart slug!
Lugonu accepts your kill.
You feel a strong urge to attack something.
You are no longer berserk.
You are exhausted.
You feel yourself slow down.
Things that are here:
an iguana corpse; a hound corpse
As you read the scroll of identify, it crumbles to dust.
h - a potion of might
Okay, then.
Found a stone staircase leading up.
You hear the slow rusting of a very distant drain.
Found 8 gold pieces.
You hear a distant slurping noise.
An ogre comes into view. It is wielding a +0 giant club.
The ogre shouts!
The ogre moves out of view.
Unknown command.
Found a stone staircase leading up.
The ogre hits you with a +0 giant club!!
Ouch! That really hurt!
You die...

*****#..#####.###
****** #........# *
#.######## #.#
####.#### #.......#
***** #.##.##.########
*,,,, #,*#.##......O.#
*,**, *,*#.##..#####@#
*,**,
*,*.......,**#<#***
*,**,
***,#...#..#.,,...,,*
*,,,,
,,,$.............##,*
**,**
***.#...#.##*#####*,**
*,** *.......#
*,,,,,,* *,**
*###.*##* *,***,,****
*,*, *,* *,,,,,,,,,*
*,*, **+** *,,**,,**,*
*,*,


You could see an ogre.

Vanquished Creatures
  A hound (D:5)
  An iguana (D:5)
  2 worms (D:2)
  A dart slug (D:5)
  A ball python (D:2)
  An endoplasm (D:1)
  A giant cockroach (D:2)
  2 goblins
  3 hobgoblins
  4 quokkas
  3 bats
  2 frilled lizards
  2 kobolds
  5 rats (D:2)
29 creatures vanquished.

Notes
Turn   | Place    | Note
-------+----------+-------------------------------------------
     0 | Abyss:1  | GreyFruit the Demonspawn Abyssal Knight began the quest for
                  | the Orb.
     0 | Abyss:1  | Reached XP level 1. HP: 18/18 MP: 2/2
    14 | D:1      | Escaped the Abyss
   101 | D:1      | Found a faded altar of an unknown god.
   425 | D:1      | Gained mutation: You sometimes gain a little power by
                  | taking damage. [demonic ancestry]
   425 | D:1      | Reached XP level 2. HP: 19/24 MP: 3/3
   850 | D:2      | Reached skill level 1 in Dodging
  1119 | D:2      | HP: 1/24 [worm (11)]
  2187 | D:2      | Gained mutation: You sometimes gain power by taking damage.
                  | [demonic ancestry]
  2187 | D:2      | Reached XP level 3. HP: 20/30 MP: 5/5
  2334 | D:3      | You fall into a shaft and drop 2 floors!
  2334 | D:5      | Entered Level 5 of the Dungeon
  2372 | D:5      | Reached skill level 1 in Short Blades
  2372 | D:5      | Gained mutation: You have sharp fingernails. [demonic
                  | ancestry]
  2372 | D:5      | Reached XP level 4. HP: 6/37 MP: 6/6
  2396 | D:5      | Noticed an ogre
  2403 | D:5      | Mangled by an ogre

Illustrated notes

Levels and vault maps discovered:
D:1:      elethiomel_arrival_quiet, layout_basic,
          shapermc_ecumenical_altar_mp_highgroup
D:2:      layout_basic, minmay_rat_gold_closets
D:3:      layout_rooms, ashenzari_altar_1, chequers_decorated_corner
D:5:      layout_loops_corners, cheibrodos_sewer_entry_drain,
          nrook_loot_triangle, hangedman_abyss_or_decor_lesser_grid

Skill      XL: |  1  2  3 |
---------------+----------+-----
Dodging        | 1 |  1.6
Armour         | 2 |  2.2
Short Blades   | 1 |  1.1
Polearms       | 2 |  2.0
Fighting       | |  3.9
Stealth        | |  0.5
Invocations    | |  2.7

Action                   |  1- 3 |  4- 6 || total
-------------------------+-------+-------++-------
Melee: Spear             |    34 |       ||    34
       Dagger            |    98 |     1 ||    99
  Use: Scroll            |     3 |     1 ||     4
       Potion            |     1 |       ||     1
 Stab: Sleeping          |     2 |       ||     2
Armor: Robe              |     6 |       ||     6
       Leather armour    |     5 |       ||     5
Dodge: Dodged            |    58 |     1 ||    59
